 Dungeon Crawl Stone Soup version 0.14-a0-1663-g0b35444 (webtiles) character file.

257 Nicoed the Shield-Bearer (level 5, 0/41 HPs)
             Began as a Human Fighter on Dec 29, 2013.
             Was an Initiate of Okawaru.
             Slain by an orc
             ... wielding a +0,+0 orcish mace
              (5 damage)
             ... on Level 3 of the Dungeon.
             The game lasted 00:13:43 (3712 turns).

Nicoed the Shield-Bearer (Human Fighter)            Turns: 3712, Time: 00:13:43

HP   0/41        AC  4     Str 17      XL: 5   Next: 62%
MP   5/5         EV 11     Int  9      God: Okawaru [......]
Gold 103         SH 10     Dex 12      Spells:  0 memorised,  4 levels left

rFire  . . .     SeeInvis .     a - +0 hand axe
rCold  . . .     Clarity  .     p - +0 leather armour
rNeg   . . .     Conserve .     h - +0 orc buckler
rPois  .         rCorr    .     (helmet restricted)
rElec  .         rRot     .     e - +0 cloak
SustAb . .       Spirit   .     (no gloves)
rMut   .         Warding  .     (no boots)
Saprov . . .     RndTele  +     (no amulet)
                                (no ring)
                                c - ring of teleportation

@: about to teleport, slightly resistant to hostile enchantments, unstealthy
A: antennae 1
a: Renounce Religion, Evoke Teleportation


You were on level 3 of the Dungeon.
You worshipped Okawaru.
Okawaru was noncommittal.
You were not hungry.

You visited 1 branch of the dungeon, and saw 3 of its levels.

You collected 103 gold pieces.

Inventory:

Hand weapons
 a - a +0,+0 hand axe (weapon)
Armour
 e - a +0 cloak (worn)
 h - a +0 orcish buckler (worn)
 p - a +0 leather armour (worn)
Comestibles
 q - a meat ration
Scrolls
 b - 2 scrolls of teleportation
 d - a scroll of enchant weapon II
 f - a scroll of magic mapping
 g - a scroll of curse armour
 j - 2 scrolls of remove curse
 l - a scroll of fog
 n - a scroll of fear {unknown}
 o - a scroll of noise {unknown}
Jewellery
 c - a ring of teleportation (left hand)


   Skills:
 + Level 3.4 Fighting
 + Level 2.9 Axes
 + Level 3.6 Armour
 + Level 2.0 Dodging
 + Level 0.4 Stealth
 + Level 3.9 Shields


You had 4 spell levels left.
You didn't know any spells.

Dungeon Overview and Level Annotations

Branches:
Dungeon (3/16)

Altars:
Okawaru
Sif Muna
Trog


Innate Abilities, Weirdness & Mutations

You have a pair of small antennae on your head.


Message History

The orc priest invokes the aid of Beogh against you.
Something smites you!
There is a large open door here.
There is a large open door here.
The orc priest mumbles some strange prayers to Beogh against you.
Something smites you!
* * * LOW HITPOINT WARNING * * *
There is a large open door here.
You are too injured to fight recklessly!
You are too injured to fight recklessly!
You are too injured to fight recklessly!
You are too injured to fight recklessly!
You are too injured to fight recklessly!
You are too injured to fight recklessly!
You are too injured to fight recklessly!
Unknown command.
You are too injured to fight recklessly!
As you read the scroll of teleportation, it crumbles to dust.
You feel strangely unstable. The orc hits you with an orcish mace.
You die...

#........#
#....
#........#
#....
#........#
#####
#........#
#######
#####.####
#...... #....#
#...... #....#
#...... #....#
#...... ##@###
#......
####o#######
#####..
#..........#
#..
#..........#
#..
#...o......#
#..
#..........####
#..
#.............#
#..
#.............#
#..
#.............#
#..


You could see an orc priest and an orc.

Vanquished Creatures
  An orc wizard (D:3)
  4 adders
  A worm (D:3)
  2 grey rats (D:3)
  2 giant geckos (D:1)
  An ooze (D:2)
  4 orcs (D:3)
  5 giant cockroaches
  11 goblins
  6 hobgoblins
  A jackal (D:3)
  9 kobolds
  5 ball pythons
  9 bats
  3 giant newts
  12 rats
76 creatures vanquished.

Notes
Turn   | Place    | Note
--------------------------------------------------------------
     0 | D:1      | Nicoed, the Human Fighter, began the quest for the Orb.
     0 | D:1      | Reached XP level 1. HP: 18/18 MP: 1/1
    38 | D:1      | Reached XP level 2. HP: 21/24 MP: 2/2
   638 | D:1      | Reached XP level 3. HP: 26/29 MP: 3/3
  1384 | D:2      | Gained mutation: Your system is resistant to poisons. [potion of mutation]
  1384 | D:2      | Gained mutation: You have a pair of small antennae on your head. [potion of mutation]
  1384 | D:2      | Lost mutation: Your system is resistant to poisons. [potion of mutation]
  1388 | D:2      | Reached skill level 1 in Dodging
  1388 | D:2      | Reached XP level 4. HP: 8/35 MP: 4/4
  1408 | D:2      | HP: 1/35 [ooze (4)]
  2227 | D:3      | Found a deep blue altar of Sif Muna.
  2234 | D:3      | Found an iron altar of Okawaru.
  2238 | D:3      | Became a worshipper of Warmaster Okawaru
  2244 | D:3      | Found a bloodstained altar of Trog.
  2910 | D:3      | Reached XP level 5. HP: 24/41 MP: 5/5
  3290 | D:3      | Found an iron altar of Okawaru.
  3712 | D:3      | Slain by an orc

Action                   |  1- 3 |  4- 6 || total
-------------------------+-------+-------++-------
Melee: Hand axe          |   142 |   194 ||   336
  Use: Potion            |     6 |     1 ||     7
       Scroll            |     1 |     7 ||     8
 Stab: Invisible         |     1 |     1 ||     2
